 Dungeon Crawl Stone Soup version 0.31-a0-1620-gcbf77bbcfc (webtiles) character file.

Game seed: 12574273798909597412

2704 Gargoyl the Cleaver (level 9, -8/85 HPs)
             Began as a Gargoyle Berserker on Jan 11, 2024.
             Was a Priest of Trog.
             Mangled by an orc warlord
             ... wielding a +5 broad axe
              (15 damage)
             ... in a bailey.
             The game lasted 00:09:33 (6543 turns).

Gargoyl the Cleaver (Gargoyle Berserker)            Turns: 6543, Time: 00:09:33

Health: -8/85      AC: 20    Str: 21    XL:     9   Next: 65%
Magic:  9/9        EV: 13    Int:  8    God:    Trog [***...]
Gold:   365        SH:  0    Dex: 19    Spells: 8/8 levels left

rFire   . . .        f - +0 hand axe (flame)
rCold   . . .        (no shield)
rNeg    + . .        m - +0 ring mail
rPois   ∞            (no helmet)
rElec   +            A - +0 cloak
rCorr   .            h - +0 pair of gloves
SInv    .            p - +0 pair of boots
Will    +....        (no amulet) Stlth
                     e - ring "Geweq" {Will+ Dex+6}
HPRegen 0.34/turn    i - +4 ring of protection
MPRegen 0.11/turn

%: no passive effects
@: berserking (expiring), very quick
A: sickness immunity, AC +6, negative energy resistance 1, electricity
resistance, torment resistance 1, petrification resistance
a: Renounce Religion, Berserk, Trog's Hand


You were in a bailey.
You worshipped Trog.
Trog was most pleased with you.
You visited 1 branch of the dungeon, and saw 8 of its levels.
You also visited: Bailey.

You collected 439 gold pieces.
You spent 74 gold pieces at shops.

Inventory:

Hand Weapons
 f - a +0 hand axe of flaming (weapon)
 u - the +8 hand axe of the Wonderful God {holy, ^Drain *Slow rPois rF+++}
   (You found it on level 8 of the Dungeon)

   rF+++:     It renders you almost immune to fire.
   rPois:     It protects you from poison ^Drain: It drains your maximum health
   when unequipped.
   *Slow:     It may slow you when you take damage.
 v - a +4 hand axe
Missiles
 y - 5 poisoned darts (quivered)
Armour
 h - a +0 pair of gloves (worn)
 m - a +0 ring mail (worn)
 p - a +0 pair of boots (worn)
 A - a +0 cloak (worn)
Jewellery
 e - the ring "Geweq" (left hand) {Will+ Dex+6}
   (You acquired it on level 1 of the Dungeon)

   [ring of dexterity]

   Dex+6:     It affects your dexterity (+6).
   Will+:     It increases your willpower.
 i - a +4 ring of protection (right hand)
 t - a ring of ice
 w - a ring of positive energy
Wands
 z - a wand of digging (6)
Scrolls
 k - 6 scrolls of teleportation
 q - 3 scrolls of fear
 r - 3 scrolls of vulnerability
 x - a scroll of poison
 D - a scroll of enchant armour {unknown}
Potions
 a - 2 potions of experience
 b - 3 potions of lignification
 c - 3 potions of ambrosia
 d - 2 potions of might {unknown}
 g - 3 potions of magic
 j - 4 potions of heal wounds {unknown}
 l - 3 potions of berserk rage {unknown}
 n - a potion of cancellation {unknown}
 o - 2 potions of haste {unknown}
 s - 3 potions of curing {unknown}
 B - a potion of mutation {unknown}
 C - 3 potions of invisibility {unknown}


   Skills:
 + Level 7.0 Fighting
 + Level 8.8 Axes
 + Level 5.7 Armour
 + Level 4.0 Dodging
 + Level 2.8 Stealth


You had 8 spell levels left.
You didn't know any spells.
Your spell library was empty.

Dungeon Overview and Level Annotations

Branches:
Dungeon (8/15)             Temple (0/1) D:5          Bailey (1/1)
   Lair: D:8-11

Altars:
Cheibriados

Shops:
D:5 :   D:6 (


Innate Abilities, Weirdness & Mutations

You are immune to sickness and miasma.
Your stone body is resilient. (AC +6)
You are immune to poison.
You resist negative energy. (rN+)
You are resistant to electric shocks. (rElec)
You are resistant to unholy torment.
You are immune to petrification.


Message History

The orc warlord is heavily wounded.
You feel the effects of Trog's Hand fading.
The orc warlord hits you with a +5 broad axe!!
* * * LOW HITPOINT WARNING * * *
Unknown command.
You hit the orc warlord but do no damage.
The orc warlord is heavily wounded.
Unknown command.
You slash the orc warlord! You burn the orc warlord.
The orc warlord is heavily wounded.
The orc warlord hits you with a +5 broad axe.
* * * LOW HITPOINT WARNING * * *
Unknown command.
You barely miss the orc warlord.
The orc warlord is heavily wounded.
You hit the orc warlord. You burn the orc warlord.
The orc warlord is heavily wounded.
The orc warlord hits you but does no damage.
You hit the orc warlord but do no damage.
The orc warlord is heavily wounded.
The orc warlord hits you with a +5 broad axe.
* * * LOW HITPOINT WARNING * * *
You hit the orc warlord. You burn the orc warlord.
The orc warlord is severely wounded.
You hit the orc warlord but do no damage.
The orc warlord is severely wounded.
The orc warlord hits you but does no damage.
You hit the orc warlord. You burn the orc warlord.
The orc warlord is severely wounded.
You slash the orc warlord! You burn the orc warlord.
The orc warlord is severely wounded.
Your skin stops crawling.
You feel less strong-willed.
The orc warlord hits you with a +5 broad axe.
* * * LOW HITPOINT WARNING * * *
You hit the orc warlord. You burn the orc warlord.
The orc warlord is almost dead.
You slash the orc warlord! You burn the orc warlord.
The orc warlord is almost dead.
The orc warlord hits you with a +5 broad axe!
You die...

##.......#######.......##
##..8..8...........8..8..##
#.........................#
#.........................#
#...8..))..#'''#......8...#
##....(.####~~~####......##
♣##..)))#~~~~~~~~~#.....##♣
♣.##.(..#~.8...8.~#....##.♣
♣♣..###'###...@...###'###..♣♣
♣...~~~.#~~.8)o.8.~~#.~~~...♣
♣♣...~~~.#~.........~#.)~~...♣♣
♣∩...~~~.#~....∩....~#.~~~...∩♣
♣♣...~~~.##.........##.~~~...♣♣
♣...~~~.#~..8...8..~#)(~~...♣
♣♣..###'#~.........~#)###..♣♣
♣.##...#~}!8...8?|~#(..##.♣
♣##....##~~#####~~##....##♣


You could see an orc warlord.

Vanquished Creatures
  A troll (D:6)
  Sigmund (D:2)
  A wyvern (D:7)
  2 black bears
  4 orc warriors
  2 sky beasts (D:7)
  4 scorpions
  A bullfrog (D:6)
  3 wights (D:5)
  2 howler monkeys
  Crazy Yiuf (D:5)
  A bombardier beetle (D:5)
  5 hounds
  A jelly (D:6)
  2 orc priests
  A sleepcap (D:4)
  7 iguanas
  5 orc wizards
  12 gnolls
  3 adders
  A shadow imp (D:6)
  A white imp (D:6)
  2 ufetubi (D:6)
  2 dart slugs
  13 orcs
  9 ball pythons
  5 bats
  6 endoplasms
  A giant cockroach (D:1)
  14 goblins
  7 hobgoblins
  3 jackals (D:2)
  15 kobolds
  2 quokkas
  A frilled lizard (D:2)
  4 rats
145 creatures vanquished.

Vanquished Creatures (others)
  A hobgoblin (D:3)
1 creature vanquished.

Grand Total: 146 creatures vanquished

Notes
Turn   | Place    | Note
-------+----------+-------------------------------------------
     0 | D:1      | Gargoyl the Gargoyle Berserker began the quest for the Orb.
     0 | D:1      | Reached XP level 1. HP: 14/14 MP: 1/1
   118 | D:1      | Identified a scroll of acquirement
   118 | D:1      | Acquired the ring "Geweq" {Will+ Dex+6}
   209 | D:1      | Reached XP level 2. HP: 19/19 MP: 2/2
   254 | D:1      | Reached skill level 3 in Axes
   602 | D:2      | Reached XP level 3. HP: 24/24 MP: 3/3
   712 | D:2      | Noticed Sigmund
   725 | D:2      | Killed Sigmund
   726 | D:2      | Reached skill level 4 in Axes
   726 | D:2      | Reached XP level 4. HP: 26/30 MP: 4/4
   726 | D:2      | Reached XP level 5. HP: 29/34 MP: 5/5
   859 | D:2      | You fall into a shaft and drop 2 floors!
   956 | D:3      | Reached ** piety under Trog
  1039 | D:3      | Reached skill level 1 in Stealth
  1047 | D:3      | Reached XP level 6. HP: 40/40 MP: 6/6
  1242 | D:2      | Found a faded altar of an unknown god.
  2290 | D:4      | Reached skill level 5 in Fighting
  2556 | D:4      | Reached skill level 5 in Axes
  2930 | D:4      | Reached XP level 7. HP: 44/44 MP: 7/7
  2943 | D:4      | Found the amulet of Elemental Vulnerability {rPois rF--
                  | rC-- AC+8}
  3222 | D:5      | Entered Level 5 of the Dungeon
  3367 | D:5      | Reached skill level 6 in Axes
  3535 | D:5      | Reached XP level 8. HP: 47/51 MP: 8/8
  3902 | D:5      | Found Ceezaux's Tremendous Tomes.
  3988 | D:5      | Reached *** piety under Trog
  4054 | D:5      | Found a staircase to the Ecumenical Temple.
  4126 | D:5      | Found a runed translucent door.
  4127 | D:5      | Noticed Crazy Yiuf
  4136 | D:5      | Killed Crazy Yiuf
  4313 | D:6      | Reached skill level 7 in Axes
  4691 | D:6      | Noticed a troll
  4704 | D:6      | Killed a troll
  4705 | D:6      | Reached skill level 5 in Armour
  4856 | D:6      | Reached XP level 9. HP: 56/56 MP: 9/9
  4999 | D:6      | Found Jihias's Weapon Shoppe.
  5008 | D:6      | Bought a +0 hand axe of flaming for 74 gold pieces
  5271 | D:7      | Found a snail-covered altar of Cheibriados.
  5305 | D:7      | Reached skill level 8 in Axes
  6203 | D:8      | Found a flagged portal.
  6209 | D:8      | Identified the +8 hand axe of the Wonderful God {holy,
                  | ^Drain *Slow rPois rF+++}
  6219 | Bailey   | Entered a bailey
  6224 | Bailey   | Noticed an orc warlord
  6371 | Bailey   | Found a runed translucent gate.
  6371 | Bailey   | Found a runed translucent gate.
  6393 | Bailey   | Found a runed translucent gate.
  6543 | Bailey   | Mangled by an orc warlord

Illustrated notes

Levels and vault maps discovered:
D:1:      minmay_arrival_stair_chambers, layout_basic
D:2:      layout_rooms, nicolae_ecumenical_oubliette, minmay_surrounded,
          uniq_sigmund
D:3:      layout_loops_corners, minivault_24, skrybe_limestone_x
D:4:      layout_layer_cave, minmay_starry_boxes
D:5:      layout_basic, minmay_temple_entry_proselytizer, corexii_corridor_pit,
          minmay_misc_feat_tiny, nicolae_shop_i_like_big_books,
          uniq_crazy_yiuf_cottage
D:6:      layout_basic, serial_shops, nicolae_shop_peninsula
D:7:      layout_loops_corners, cheibriados_altar_1
D:8:      layout_loops_ring, enter_bailey_2, hangedman_minor_gate_pass
Bailey:   bailey_axe_bossmonster_kennysheep, bailey

Skill      XL: |  1  2  3  4  5  6  7  8  9 |
---------------+----------------------------+-----
Axes           | 3 4 5 6 7 8 |  8.8
Fighting       | 4 5 6 7 |  7.0
Dodging        | 2 3 4 |  4.0
Stealth        | 1 2 |  2.8
Armour         | 3 5 |  5.7

Action                     |  1- 3 |  4- 6 |  7- 9 || total
---------------------------+-------+-------+-------++-------
  Melee: Hand axe          |    53 |   129 |   178 ||   360
         Punch             |       |     5 |     1 ||     6
         Battleaxe         |       |       |    98 ||    98
 Invoke: Berserk           |     2 |     3 |     9 ||    14
         Trog's Hand       |       |     1 |     5 ||     6
    Use: Scroll            |     4 |     6 |     6 ||    16
   Stab: Sleeping          |     1 |     1 |     1 ||     3
 Armour: Animal skin       |    36 |     6 |       ||    42
         Ring mail         |       |    69 |   222 ||   291
  Dodge: Dodged            |    38 |   103 |   180 ||   321

Table legend: (Time is in decaauts)
 A = Elapsed time spent in this place.
 B = Non-inter-level travel time spent in this place.
 C = Inter-level travel time spent in this place.
 D = Time resting spent in this place.
 E = Time spent auto-exploring this place.
 F = Levels seen in this place.
 G = Mean time per level.
                   A        B        C        D        E       F      G
               +--------+--------+--------+--------+--------+-----+--------+
         Total |   6686 |   6447 |    239 |    455 |   4494 |   9 |  742.9 |
       Dungeon |   6367 |   6128 |    239 |    403 |   4378 |   8 |  795.9 |
        Bailey |    319 |    319 |      0 |     51 |    116 |   1 |  319.0 |
               +--------+--------+--------+--------+--------+-----+--------+

Top non-repeatable levels by time:
     D:4: 1240 daAuts
     D:6: 1065 daAuts
     D:5: 1000 daAuts
     D:7: 992 daAuts
     D:3: 852 daAuts
     D:2: 604 daAuts
     D:1: 588 daAuts
  Bailey: 319 daAuts
     D:8: 22 daAuts
